[Event "Titled Tuesday Blitz March 28 Late 2023"]
[White "Vachier-Lagrave, Maxime"]
[Black "Gorodetzky, David"]
[WhiteFideId "623539"]
[BlackFideId "2813416"]
[WhiteElo "2740"]
[BlackElo "2484"]
[Result "1-0"]
[Round "03"]
[TimeControl "180+2"]
[Date "2023.03.28"]
[WhiteClock "0:00:40"]
[BlackClock "0:01:23"]

1. e4 c6 2. d4 d5 3. e5 c5 4. dxc5 e6 5. c3 Nd7 6. Nf3 Nxc5 7. Be3 Qc7 8. Nbd2 Ne7 9. Nb3 Nd7 10. Bd4 Nc6 11. Qe2 a5 12. a4 Be7 13. Qe3 Nxd4 14. Nbxd4 Qb6 15. Bb5 O-O 16. O-O Nc5 17. h4 Bd7 18. h5 h6 19. b4 Bxb5 20. bxc5 Bxc5 21. axb5 a4 22. g4 Rfc8 23. g5 hxg5 24. Qxg5 Bf8 25. Rfc1 a3 26. h6 g6 27. Qh4 Qd8 28. Ng5 Qd7 29. Kg2 1-0


[Site "https://www.chess.com"]

[Event "Titled Tuesday Blitz March 28 Late 2023"]
[White "Melkumyan, Hrant"]
[Black "Bortnyk, Olexandr"]
[WhiteFideId "13302485"]
[BlackFideId "14120828"]
[WhiteElo "2604"]
[BlackElo "2734"]
[Result "0-1"]
[Round "03"]
[TimeControl "180+2"]
[Date "2023.03.28"]
[WhiteClock "0:00:13"]
[BlackClock "0:00:40"]

1. d4 d6 2. Nf3 Nf6 3. g3 g6 4. Bg2 Bg7 5. O-O O-O 6. c4 Bf5 7. Nc3 Ne4 8. Nh4 Nxc3 9. bxc3 Bc8 10. Nf3 Nc6 11. Nd2 Na5 12. Ba3 Rb8 13. Bb4 c5 14. dxc5 dxc5 15. Bxc5 Bxc3 16. Ne4 Bxa1 17. Qxa1 b6 18. Be3 f6 19. c5 Be6 20. Rd1 Qe8 21. cxb6 axb6 22. Bh6 Rf7 23. Nc3 Nc4 24. Nd5 Qa4 25. Nc7 Bf5 26. Bd5 Rc8 27. Ne6 Bxe6 28. Bxe6 Ra8 29. Qd4 Nd6 30. Qd5 Ra5 31. Bxf7+ Nxf7 32. Qe6 Qxd1+ 33. Kg2 Qd5+ 0-1


[Site "https://www.chess.com"]

[Event "Titled Tuesday Blitz March 28 Late 2023"]
[White "Erigaisi Arjun"]
[Black "Albornoz Cabrera, Carlos Daniel"]
[WhiteFideId "35009192"]
[BlackFideId "3518736"]
[WhiteElo "2737"]
[BlackElo "2501"]
[Result "1-0"]
[Round "03"]
[TimeControl "180+2"]
[Date "2023.03.28"]
[WhiteClock "0:00:44"]
[BlackClock "0:00:06"]

1. b3 e5 2. Bb2 Nc6 3. e3 Nf6 4. c4 d5 5. cxd5 Nxd5 6. a3 Bd6 7. Qc2 O-O 8. Nf3 f5 9. d3 Be6 10. Nbd2 a5 11. Be2 Qf6 12. h4 Kh8 13. h5 Qh6 14. Nc4 Qf6 15. h6 gxh6 16. O-O-O b5 17. d4 bxc4 18. dxe5 Nxe5 19. bxc4 Rab8 20. cxd5 Bd7 21. Rxh6 Qxh6 22. Nxe5 Bxe5 23. Bxe5+ Kg8 24. d6 c6 25. Bc4+ Rf7 26. Qa2 Rf8 27. Ba1 Rb8 28. Bxf7+ Kf8 29. Bb3 f4 30. Qb2 1-0


[Site "https://www.chess.com"]

[Event "Titled Tuesday Blitz March 28 Late 2023"]
[White "Mendonca, Leon Luke"]
[Black "Andreikin, Dmitry"]
[WhiteFideId "35028561"]
[BlackFideId "4158814"]
[WhiteElo "2464"]
[BlackElo "2736"]
[Result "1-0"]
[Round "03"]
[TimeControl "180+2"]
[Date "2023.03.28"]
[WhiteClock "0:00:12"]
[BlackClock "0:00:08"]

1. e4 c5 2. Nf3 g6 3. c3 d5 4. exd5 Qxd5 5. d4 Bg7 6. Na3 cxd4 7. Nb5 Na6 8. Nbxd4 Nf6 9. Be2 O-O 10. O-O e5 11. Nb5 Qe6 12. Qb3 Qe7 13. Be3 Be6 14. Bc4 Bg4 15. Ng5 Rad8 16. h3 Bf5 17. Nxa7 h6 18. Nf3 Bd3 19. Rfd1 e4 20. Ne1 Nc5 21. Qb4 Nfd7 22. Bxd3 exd3 23. Nxd3 b6 24. Nc6 Qe6 25. Nxd8 Rxd8 26. Nxc5 bxc5 27. Qb7 Bf6 28. Qd5 Qa6 29. Qd6 Qb7 30. Rd2 Kg7 31. Qd5 Qa6 32. Qd6 Qb7 33. Rad1 Ne5 34. Bxh6+ Kxh6 35. Qxf6 Re8 36. Qf4+ Kg7 37. b3 Qc6 38. c4 Re6 39. Qg3 Qe8 40. Rd5 Nc6 41. Rxc5 Re2 42. Rcd5 Ne5 43. R5d2 Re4 44. Qc3 Kh7 45. Rd8 Qe6 46. R8d4 Re2 47. Rh4+ Kg7 48. f4 Qb6+ 49. c5 Qc6 50. Rg4 f5 51. Rg3 g5 52. fxe5 f4 53. Rf3 Qe4 54. e6+ Kg6 55. e7 Qxe7 56. Qd3+ Kh5 57. Rf2 Re3 58. Qd2 Qxc5 59. Qd4 Qf5 60. Qh8+ Kg6 61. Rd6+ Kf7 62. Qh5+ Ke7 63. Rg6 Re1+ 64. Kh2 Re5 65. Qh7+ Ke8 66. Rg8+ Qf8 67. Rxf8+ Kxf8 68. Qh8+ Kf7 69. Qxe5 Kg6 70. Qe4+ Kh5 71. Rxf4 gxf4 72. Qxf4 Kg6 73. b4 Kh5 74. b5 Kg6 75. b6 Kh5 76. a3 Kg6 77. a4 1-0


[Site "https://www.chess.com"]

[Event "Titled Tuesday Blitz March 28 Late 2023"]
[White "Naroditsky, Daniel"]
[Black "Holt, Conrad"]
[WhiteFideId "2026961"]
[BlackFideId "2034387"]
[WhiteElo "2633"]
[BlackElo "2592"]
[Result "1/2-1/2"]
[Round "03"]
[TimeControl "180+2"]
[Date "2023.03.28"]
[WhiteClock "0:01:32"]
[BlackClock "0:01:29"]

1. d4 d5 2. Nc3 Nf6 3. Bf4 c6 4. e3 Bf5 5. Nf3 e6 6. Ne5 Nbd7 7. g4 Nxe5 8. gxf5 Nc4 9. Bxc4 dxc4 10. fxe6 fxe6 11. a3 Bd6 12. Be5 O-O 13. Qf3 Bxe5 14. dxe5 Nd5 15. Qg4 Nxc3 16. Qxe6+ Kh8 17. bxc3 Qa5 18. Qxc4 Qxe5 1/2-1/2


[Site "https://www.chess.com"]

[Event "Titled Tuesday Blitz March 28 Late 2023"]
[White "Aradhya, Garg"]
[Black "Caruana, Fabiano"]
[WhiteFideId "25006746"]
[BlackFideId "2020009"]
[WhiteElo "2263"]
[BlackElo "2818"]
[Result "0-1"]
[Round "03"]
[TimeControl "180+2"]
[Date "2023.03.28"]
[WhiteClock "0:00:02"]
[BlackClock "0:01:03"]

1. d4 Nf6 2. c4 e6 3. Nf3 d5 4. Nc3 Bb4 5. cxd5 exd5 6. Bg5 h6 7. Bh4 O-O 8. e3 Bf5 9. Be2 Nbd7 10. O-O c6 11. Qb3 Qb6 12. Nd2 Rfe8 13. Rfc1 Bd6 14. a4 a5 15. Qxb6 Nxb6 16. Bxf6 gxf6 17. Nf3 Kg7 18. b3 Bd7 19. Bd3 f5 20. g3 Kf6 21. Kf1 Nc8 22. Ne2 Be6 23. Nf4 Bxf4 24. gxf4 Nd6 25. Ne5 Rg8 26. f3 Ke7 27. Be2 Rg7 28. Kf2 Rag8 29. Rg1 Rxg1 30. Rxg1 Rxg1 31. Kxg1 f6 32. Nd3 b6 33. Kf2 Nb7 34. Bd1 c5 35. Bc2 Kd6 36. Ke2 Nd8 37. Kd2 Nc6 38. Kc3 Bf7 39. Ne1 Bg6 40. Ng2 Ke6 41. Nh4 Bh7 42. Bd3 Ne7 43. Kd2 Bg6 44. Kc3 Bh7 45. Kd2 Nc8 46. Kc3 Nd6 47. Bc2 Bg8 48. Bd3 Bf7 49. Kd2 Be8 50. Kc3 c4 51. Bc2 cxb3 52. Bxb3 b5 53. axb5 Bxb5 54. e4 fxe4 55. f5+ Kd7 56. Bxd5 e3 57. Bb3 a4 58. Ba2 e2 59. Kd2 a3 60. Bb1 Bc4 61. Ng2 a2 62. Bxa2 Bxa2 63. Kxe2 Nxf5 64. Kd3 Bd5 65. Ne1 Ke6 66. f4 Nh4 67. Ke2 Kf5 68. Kf2 Kxf4 69. Nc2 Nf5 70. Nb4 Ke4 71. h3 Nxd4 72. Nxd5 Kxd5 73. Ke3 Ke5 0-1


[Site "https://www.chess.com"]

[Event "Titled Tuesday Blitz March 28 Late 2023"]
[White "Firouzja, Alireza"]
[Black "Krallis, Christos"]
[WhiteFideId "12573981"]
[BlackFideId "4298896"]
[WhiteElo "2904"]
[BlackElo "2243"]
[Result "1-0"]
[Round "03"]
[TimeControl "180+2"]
[Date "2023.03.28"]
[WhiteClock "0:00:27"]
[BlackClock "0:00:07"]

1. d4 Nf6 2. Bg5 c6 3. Nd2 Qb6 4. Ngf3 d5 5. e3 Bg4 6. Bd3 Nbd7 7. c4 e6 8. Qc2 h6 9. Bh4 Be7 10. O-O O-O 11. Ne5 Qd8 12. h3 dxc4 13. Ndxc4 Bf5 14. Bxf5 exf5 15. Qxf5 Nxe5 16. Nxe5 Nd5 17. Bxe7 Qxe7 18. Rac1 Rfe8 19. Nd3 Nf6 20. Nc5 Rad8 21. Qc2 Nd5 22. Qb3 Rb8 23. Nd3 h5 24. Rc5 h4 25. Ne5 f6 26. Ng6 Qf7 27. Nxh4 Re4 28. Nf5 Re6 29. Rfc1 Rbe8 30. Qc2 Qh5 31. Ng3 Qf7 32. a3 g6 33. e4 Nf4 34. Qd2 g5 35. Rf5 Qg6 36. f3 Rd8 37. Kh2 Red6 38. Rd1 Ne6 39. d5 cxd5 40. Rxd5 Rxd5 41. exd5 Nf4 42. d6 f5 43. Qd4 Ne6 44. Qe5 f4 45. Nf5 Kf7 46. d7 Qf6 47. Nd6+ Ke7 48. Qxf6+ Kxf6 49. Nxb7 Rb8 50. d8=Q+ Nxd8 51. Nxd8 Rxb2 52. Nc6 Ra2 53. Nxa7 Rxa3 54. Nb5 Ra2 55. Nd6 Kg6 56. Ne4 Kh5 57. Rd5 Kh4 58. Rxg5 Ra1 59. Rg4+ Kh5 60. Rxf4 1-0


[Site "https://www.chess.com"]

[Event "Titled Tuesday Blitz March 28 Late 2023"]
[White "Hambleton, Aman"]
[Black "Fedoseev, Vladimir"]
[WhiteFideId "2606577"]
[BlackFideId "24130737"]
[WhiteElo "2511"]
[BlackElo "2752"]
[Result "0-1"]
[Round "03"]
[TimeControl "180+2"]
[Date "2023.03.28"]
[WhiteClock "0:00:04"]
[BlackClock "0:01:10"]

1. d4 Nf6 2. Bf4 d6 3. e3 g6 4. h3 Bg7 5. Nf3 O-O 6. c3 Nfd7 7. Be2 e5 8. Bh2 e4 9. Nfd2 f5 10. a4 Nc6 11. a5 a6 12. b4 Nf6 13. Qb3+ Kh8 14. Na3 Qe7 15. Ndc4 Be6 16. Qb2 Nd5 17. Nc2 f4 18. exf4 Nxf4 19. Bxf4 Rxf4 20. N4e3 Qf7 21. f3 exf3 22. Bxf3 Rxf3 23. gxf3 Qxf3 24. Rf1 Qg3+ 25. Kd2 Bh6 26. Rae1 Bc4 27. Rg1 Qf2+ 28. Kc1 Bd3 29. Qb3 Re8 30. Kb2 Bxe3 31. Rd1 Qxc2+ 32. Qxc2 Bxc2 33. Kxc2 Bxg1 34. Rxg1 Kg7 35. Kd3 Ne7 36. Re1 Kf7 37. c4 Nf5 0-1


[Site "https://www.chess.com"]

[Event "Titled Tuesday Blitz March 28 Late 2023"]
[White "Svane, Rasmus"]
[Black "Horton, Andrew P"]
[WhiteFideId "4657101"]
[BlackFideId "424269"]
[WhiteElo "2597"]
[BlackElo "2401"]
[Result "1-0"]
[Round "03"]
[TimeControl "180+2"]
[Date "2023.03.28"]
[WhiteClock "0:01:04"]
[BlackClock "0:00:01"]

1. Nf3 Nf6 2. g3 b5 3. Bg2 Bb7 4. d4 e6 5. Bg5 Be7 6. Qd3 a6 7. c3 c5 8. Bxf6 gxf6 9. a4 c4 10. Qc2 f5 11. Nbd2 Qc7 12. e4 fxe4 13. Nxe4 Bxe4 14. Qxe4 d5 15. Qg4 b4 16. Qg7 Rf8 17. O-O h5 18. cxb4 Bxb4 19. Ng5 Nd7 20. Nh7 Rb8 21. Nxf8 Bxf8 22. Qg5 Qd8 23. Qxh5 Qf6 24. Rfe1 Rxb2 25. Qxd5 Qxf2+ 26. Kh1 Bb4 27. Qa8+ Ke7 28. Rf1 Qxd4 29. Rad1 Rd2 30. Rxd2 Bxd2 31. Qxa6 c3 32. Qc6 Ne5 33. Qc7+ Kf8 34. a5 f5 35. a6 Be3 36. Rb1 Nf7 37. h4 1-0


[Site "https://www.chess.com"]

[Event "Titled Tuesday Blitz March 28 Late 2023"]
[White "Herrera Reyes, Jose Antonio"]
[Black "Bluebaum, Matthias"]
[WhiteFideId "2274914"]
[BlackFideId "24651516"]
[WhiteElo "2273"]
[BlackElo "2638"]
[Result "0-1"]
[Round "03"]
[TimeControl "180+2"]
[Date "2023.03.28"]
[WhiteClock "0:00:09"]
[BlackClock "0:00:07"]

1. Nf3 d5 2. g3 Nf6 3. Bg2 e6 4. b3 Bd6 5. Bb2 O-O 6. d3 c5 7. Nbd2 Nc6 8. e4 d4 9. O-O e5 10. a4 b6 11. Nc4 Bc7 12. Bc1 a6 13. h3 Bd7 14. Nh2 b5 15. Nd2 Qc8 16. g4 Ne7 17. Ba3 Bd6 18. f4 Ng6 19. f5 Nf4 20. Ndf3 Qc7 21. Bc1 bxa4 22. bxa4 c4 23. Bxf4 exf4 24. g5 Nh5 25. e5 Bc5 26. f6 Ng3 27. Re1 Rae8 28. Qd2 Nh5 29. Ng4 g6 30. Rab1 a5 31. Kh2 Bb4 32. Qf2 Bxe1 33. Rxe1 cxd3 34. cxd3 Bc6 35. Rc1 Qb7 36. Nh6+ Kh8 37. e6 Rxe6 38. Nxd4 Bxg2 39. Nxe6 fxe6 40. Qxg2 f3 41. Qc2 Qb8+ 42. Qc7 f2 43. Qxb8 Rxb8 44. Kg2 Nf4+ 45. Kf1 Nxh3 46. Kg2 Nxg5 47. Kxf2 Rf8 48. Ng4 h5 49. Ne5 Rxf6+ 50. Ke3 Kg7 51. Rc7+ Kh6 52. d4 Rf5 53. Nd7 Rf3+ 54. Ke2 Rf7 55. Ke3 h4 56. Rb7 h3 0-1


[Site "https://www.chess.com"]

[Event "Titled Tuesday Blitz March 28 Late 2023"]
[White "Duda, Jan-Krzysztof"]
[Black "Lamard, Guillaume"]
[WhiteFideId "1170546"]
[BlackFideId "600261"]
[WhiteElo "2790"]
[BlackElo "2413"]
[Result "1-0"]
[Round "03"]
[TimeControl "180+2"]
[Date "2023.03.28"]
[WhiteClock "0:00:18"]
[BlackClock "0:00:10"]

1. e4 c6 2. Nf3 d5 3. d3 dxe4 4. dxe4 Qxd1+ 5. Kxd1 Nf6 6. Nbd2 g6 7. h3 Bg7 8. a4 a5 9. c3 O-O 10. Kc2 Nbd7 11. Nd4 Nc5 12. f3 Bh6 13. Bc4 Rd8 14. h4 e5 15. N4b3 Ne6 16. g4 Bf4 17. Bf1 Bxd2 18. Bxd2 h5 19. g5 Nd7 20. Be3 Kf8 21. Bc4 Ke7 22. Rhd1 b6 23. Bxe6 fxe6 24. Rxd7+ Bxd7 25. Bxb6 Rdb8 26. Bc7 Rb7 27. Bxe5 c5 28. Nxc5 Rb6 29. Rd1 Be8 30. Bf6+ Kf7 31. Rd8 Rbb8 32. Rxb8 Rxb8 33. b3 Rc8 34. Nd3 Kf8 35. Bd4 Rb8 36. Bc5+ Kg7 37. Ne5 Rd8 38. Bb6 Ra8 39. Nc4 Bd7 40. Bxa5 Rf8 41. Ne5 Bc8 42. Bb4 Rd8 43. Be7 Re8 44. Bf6+ Kh7 45. b4 Ba6 46. b5 Bb7 47. a5 Ra8 48. a6 Bxa6 49. bxa6 Rxa6 50. c4 Ra2+ 51. Kd3 Rh2 52. c5 Rxh4 53. c6 Rh1 54. c7 Rc1 55. Nc4 Rd1+ 56. Nd2 Rc1 57. Bc3 1-0


[Site "https://www.chess.com"]

[Event "Titled Tuesday Blitz March 28 Late 2023"]
[White "Schmakel, Sam"]
[Black "Xiong, Jeffery"]
[WhiteFideId "2039311"]
[BlackFideId "2047640"]
[WhiteElo "2356"]
[BlackElo "2726"]
[Result "0-1"]
[Round "03"]
[TimeControl "180+2"]
[Date "2023.03.28"]
[WhiteClock "0:00:01"]
[BlackClock "0:01:55"]

1. Nf3 d5 2. g3 g6 3. Bg2 Bg7 4. O-O e5 5. d3 Ne7 6. Nc3 Nbc6 7. e4 d4 8. Ne2 h6 9. c3 O-O 10. cxd4 exd4 11. a3 a5 12. b3 Be6 13. h3 Na7 14. Bb2 c5 15. b4 b6 16. Rc1 Rc8 17. bxc5 bxc5 18. Nf4 Bd7 19. Nd2 Nb5 20. Nc4 Nc3 21. Bxc3 dxc3 22. e5 Nc6 23. Re1 Rb8 24. e6 fxe6 25. Nxe6 Bxe6 26. Rxe6 Nd4 27. Rxg6 Qe7 28. Bd5+ Kh8 29. Be4 c2 30. Qd2 Nb3 31. Rxh6+ Kg8 32. Bd5+ Rf7 33. Qxc2 Bxh6 34. Rb1 a4 35. Qd1 Kh7 36. Bxf7 Qxf7 37. Qg4 Rf8 38. Rb2 Nd2 39. Qe2 Nxc4 40. dxc4 Bg7 41. Rb6 Qf3 42. Qc2+ Kh8 43. Rb7 Qxb7 0-1


[Site "https://www.chess.com"]

[Event "Titled Tuesday Blitz March 28 Late 2023"]
[White "Sadhwani, Raunak"]
[Black "EREBUNI91"]
[WhiteFideId "35093487"]
[WhiteElo "2631"]
[BlackElo "2710"]
[Result "1-0"]
[Round "03"]
[TimeControl "180+2"]
[Date "2023.03.28"]
[WhiteClock "0:00:11"]
[BlackClock "0:00:08"]

1. Nf3 d5 2. b3 Nf6 3. Bb2 e6 4. g3 b6 5. Bg2 Bb7 6. O-O Be7 7. c4 O-O 8. e3 Nbd7 9. Qe2 c5 10. d3 Rc8 11. Nc3 Qc7 12. Rad1 Rfd8 13. Rc1 Qb8 14. cxd5 Nxd5 15. Ne4 N7f6 16. Ne5 Nb4 17. a3 Nxe4 18. axb4 Nf6 19. Bxb7 Qxb7 20. bxc5 bxc5 21. Qc2 Rb8 22. Ba3 Nd7 23. Nxd7 Rxd7 24. Rb1 g6 25. Rfd1 Qb5 26. Rd2 Rbd8 27. Rbd1 Rb8 28. d4 Qxb3 29. Bxc5 Qxc2 30. Rxc2 Rc8 31. Rdc1 Rdc7 32. Kf1 a5 33. Ke2 a4 34. Kd3 Bxc5 35. Rxc5 Rxc5 36. Rxc5 Rb8 37. Ke2 Rb2+ 38. Kf3 Kg7 39. Ra5 Ra2 40. g4 g5 41. Rxg5+ Kf6 42. Ra5 a3 43. h4 Ra1 44. Kf4 a2 45. Ra7 h6 46. f3 Kg6 47. h5+ Kf6 48. Ke4 Kg7 49. f4 Rg1 50. Rxa2 Rxg4 51. Ra5 Kf6 52. Kf3 Rg1 53. Rb5 Rd1 54. Ke4 Rh1 55. Ra5 Rh2 56. Kd3 Rh1 57. Rc5 Rh2 58. Ke4 Rh1 59. Kf3 Rh2 60. Kg4 Rh1 61. Kg3 Rg1+ 62. Kf3 Rh1 63. Kg2 Rd1 64. Kf2 Rd2+ 65. Kg3 Rd3 66. Kf3 Rd2 67. Ke4 Rh2 68. Rb5 Rh1 69. d5 Rxh5 70. Rc5 Rxd5 71. Rc1 h5 72. Kf3 Ra5 73. Rh1 Kg6 74. Rg1+ Kf6 75. Rh1 Rb5 76. Rh2 e5 77. Rxh5 e4+ 78. Kg4 Rxh5 79. Kxh5 Ke6 80. Kg5 Kd5 81. Kf5 f6 82. Kxf6 Kc4 83. Kg5 Kd3 84. f5 Kxe3 85. f6 Kd2 86. f7 e3 87. f8=Q e2 88. Qd6+ Kc2 89. Qc5+ Kd1 90. Qd4+ Kc2 91. Qe3 Kd1 92. Qd3+ 1-0


[Site "https://www.chess.com"]

[Event "Titled Tuesday Blitz March 28 Late 2023"]
[White "Korchmar, Vasiliy"]
[Black "Martinez Alcantara, Jose Eduardo"]
[WhiteFideId "24131750"]
[BlackFideId "3805662"]
[WhiteElo "2370"]
[BlackElo "2712"]
[Result "0-1"]
[Round "03"]
[TimeControl "180+2"]
[Date "2023.03.28"]
[WhiteClock "0:00:01"]
[BlackClock "0:01:00"]

1. e4 c5 2. Nf3 d6 3. d4 cxd4 4. Nxd4 Nf6 5. Nc3 a6 6. Be2 e5 7. Nb3 Be7 8. O-O O-O 9. Be3 Be6 10. Nd5 Nbd7 11. Qd3 Rc8 12. a4 Bxd5 13. exd5 Qc7 14. c4 a5 15. Rac1 Rfe8 16. Kh1 Bf8 17. f4 exf4 18. Bxf4 Qb6 19. Bf3 g6 20. Rc2 Bg7 21. Nd4 Nh5 22. Bxh5 Bxd4 23. Bg4 f5 24. Bxf5 gxf5 25. Qxf5 Nf8 26. Bh6 Qc7 27. Qg4+ Bg7 28. c5 Ng6 29. Bxg7 Qxg7 30. c6 b6 0-1


[Site "https://www.chess.com"]

[Event "Titled Tuesday Blitz March 28 Late 2023"]
[White "Anton Guijarro, David"]
[Black "Karthik Rajaa"]
[WhiteFideId "2285525"]
[BlackFideId "25035215"]
[WhiteElo "2618"]
[BlackElo "2215"]
[Result "1-0"]
[Round "03"]
[TimeControl "180+2"]
[Date "2023.03.28"]
[WhiteClock "0:00:36"]
[BlackClock "0:00:06"]

1. Nf3 Nf6 2. b3 g6 3. Bb2 Bg7 4. g3 O-O 5. Bg2 d6 6. d4 b5 7. Nfd2 c6 8. O-O Bb7 9. c4 bxc4 10. Nxc4 a5 11. Nc3 Nbd7 12. Rc1 d5 13. Ne5 Nxe5 14. dxe5 Nd7 15. f4 Qb6+ 16. Kh1 a4 17. Nxa4 Qa6 18. Bd4 e6 19. e3 Rfc8 20. Rf2 Bf8 21. Nc5 Nxc5 22. Bxc5 Bxc5 23. Rxc5 Qb6 24. Qd4 Ra3 25. h4 Rca8 26. Rcc2 Qd8 27. h5 Kg7 28. Bf3 Qe7 29. Rh2 R8a5 30. h6+ Kf8 31. b4 Rb5 32. Rc5 Rxc5 33. bxc5 Ba6 34. Rb2 Bb5 35. Be2 Qa7 36. Bxb5 cxb5 37. c6 Qxd4 38. exd4 Rc3 39. Rxb5 Rxc6 40. Rb8+ Ke7 41. Rh8 Rc1+ 42. Kg2 Rc2+ 43. Kh3 Rxa2 44. Rxh7 Ra8 45. Kg4 Rf8 46. Kg5 Rg8 47. Rg7 Rh8 48. h7 Kf8 49. Kf6 1-0


[Site "https://www.chess.com"]

[Event "Titled Tuesday Blitz March 28 Late 2023"]
[White "Maghsoodloo, Parham"]
[Black "Javakhadze, Zurab"]
[WhiteFideId "12539929"]
[BlackFideId "13603647"]
[WhiteElo "2647"]
[BlackElo "2381"]
[Result "1-0"]
[Round "03"]
[TimeControl "180+2"]
[Date "2023.03.28"]
[WhiteClock "0:01:10"]
[BlackClock "0:00:19"]

1. d4 d5 2. c4 e6 3. cxd5 exd5 4. Nc3 c6 5. Bf4 Be7 6. e3 Bf5 7. Nge2 Nf6 8. Ng3 Bg6 9. h4 h6 10. h5 Bh7 11. Bd3 Bxd3 12. Qxd3 Bd6 13. Bxd6 Qxd6 14. Nf5 Qf8 15. O-O-O Nbd7 16. e4 dxe4 17. Nxe4 O-O-O 18. Ned6+ Kb8 19. Qb3 Nb6 20. Nxf7 Rd5 21. Nxh8 Rxf5 22. Ng6 Qd6 23. Qg3 Kc7 24. Qxd6+ Kxd6 25. f3 Nc4 26. Rde1 Nd5 27. Re2 Nb4 28. b3 Nb6 29. Re5 Rf7 30. Kd2 N6d5 31. a3 Na6 32. Rhe1 Nac7 33. R1e4 a5 34. a4 Nf6 35. Re2 Nfd5 36. Nh4 Kd7 37. g3 Na8 38. Nf5 Nab6 39. g4 Na8 40. Re6 Nac7 41. Rg6 Kc8 42. Rxg7 1-0


[Site "https://www.chess.com"]

[Event "Titled Tuesday Blitz March 28 Late 2023"]
[White "Lewtak, Damian"]
[Black "Paravyan, David"]
[WhiteFideId "1141724"]
[BlackFideId "4194985"]
[WhiteElo "2302"]
[BlackElo "2577"]
[Result "0-1"]
[Round "03"]
[TimeControl "180+2"]
[Date "2023.03.28"]
[WhiteClock "0:00:56"]
[BlackClock "0:01:56"]

1. e4 e5 2. Nf3 Nf6 3. Nxe5 d6 4. Nf3 Nxe4 5. d4 d5 6. Bd3 Bd6 7. O-O O-O 8. c4 c6 9. Nbd2 Bf5 10. Re1 Nxf2 11. Kxf2 Bxd3 12. Qb3 dxc4 13. Qxb7 Qd7 14. Qxa8 Na6 15. Qxf8+ Bxf8 16. b3 Nb4 17. Nxc4 Bxc4 18. bxc4 Nd3+ 19. Ke2 Nxe1 20. Kxe1 Qe6+ 21. Kf2 Qxc4 22. Be3 f6 23. h4 h5 24. a4 a5 25. Bd2 Bb4 26. Rc1 Qa2 27. Ke2 Qxa4 28. Kd3 Qb5+ 29. Ke4 Bxd2 0-1


[Site "https://www.chess.com"]

[Event "Titled Tuesday Blitz March 28 Late 2023"]
[White "Drygalov, Andrey"]
[Black "Darini, Pouria"]
[WhiteFideId "24171735"]
[BlackFideId "12502200"]
[WhiteElo "2471"]
[BlackElo "2482"]
[Result "1-0"]
[Round "03"]
[TimeControl "180+2"]
[Date "2023.03.28"]
[WhiteClock "0:00:13"]
[BlackClock "0:00:06"]

1. e4 c5 2. Nf3 Nc6 3. Bb5 e6 4. Bxc6 bxc6 5. d3 Qc7 6. O-O Ne7 7. Qe2 e5 8. Nh4 Ng6 9. Nxg6 hxg6 10. f4 Bd6 11. Qf2 f6 12. Na3 Ba6 13. Be3 exf4 14. Bxf4 Bxf4 15. Qxf4 Qxf4 16. Rxf4 d6 17. b3 g5 18. Rf2 Ke7 19. Nb1 Bc8 20. Nc3 Be6 21. Re1 Rh4 22. Nd5+ Kd7 23. Ne3 Rah8 24. g3 R4h7 25. Nf5 Re8 26. Ne3 a5 27. a4 Rb8 28. Rd1 Kc7 29. Rfd2 Rb4 30. Nc4 d5 31. exd5 cxd5 32. Ne3 Rh8 33. Re1 Kd6 34. Rde2 Bd7 35. Rf2 Rbb8 36. Rfe2 g6 37. Rd2 Rbe8 38. d4 Bc6 39. dxc5+ Kxc5 40. Rde2 Re4 41. Nf1 f5 42. Nd2 Rxe2 43. Rxe2 Kd4 44. Nf3+ Kc3 45. Ne5 Re8 46. Kf2 d4 47. Nxc6 Rc8 48. Ne5 Kb2 49. Nd3+ Kc3 50. Ne5 Rh8 51. Kg1 Re8 52. Kf1 f4 53. gxf4 gxf4 54. Nf3 Rd8 55. Rd2 g5 56. h3 Rd6 57. Kf2 Re6 58. Rd3+ Kxc2 59. Nxd4+ Kxd3 60. Nxe6 Kc3 61. Nxg5 Kxb3 62. h4 Kxa4 63. h5 Kb3 64. h6 a4 65. h7 a3 66. h8=Q Ka2 67. Qc3 f3 68. Ne4 Kb1 69. Nd2+ Ka2 70. Qb3+ Ka1 71. Qb1# 1-0


[Site "https://www.chess.com"]

[Event "Titled Tuesday Blitz March 28 Late 2023"]
[White "Manukyan, Sargis A."]
[Black "Deac, Bogdan-Daniel"]
[WhiteFideId "13303970"]
[BlackFideId "1226380"]
[WhiteElo "2187"]
[BlackElo "2649"]
[Result "0-1"]
[Round "03"]
[TimeControl "180+2"]
[Date "2023.03.28"]
[WhiteClock "0:01:13"]
[BlackClock "0:00:32"]

1. d4 g6 2. c4 Bg7 3. Nc3 Nc6 4. Nf3 d6 5. Bf4 Nf6 6. h3 O-O 7. e3 Qe8 8. Be2 e5 9. dxe5 Nxe5 10. Nxe5 dxe5 11. Bg3 c6 12. Qc2 Qe7 13. O-O-O Bf5 14. e4 Bd7 15. Kb1 a6 16. Qd2 b5 17. Qd6 Rfe8 18. Qxe7 Rxe7 19. cxb5 axb5 20. a3 Ne8 21. Bh4 f6 22. Bg4 Ra7 23. Bxd7 Rexd7 24. Rxd7 Rxd7 25. Rd1 Rxd1+ 26. Nxd1 Kf7 27. f3 Ke6 28. Bf2 Bf8 29. Kc2 f5 30. Nc3 h5 31. Kd3 Nf6 32. Nb1 g5 33. b3 c5 34. a4 fxe4+ 35. fxe4 c4+ 36. bxc4 bxa4 37. c5 Kd7 38. Nc3 a3 39. Kc4 Kc6 40. Be3 g4 41. hxg4 hxg4 42. Bg5 Nxe4 43. Na2 Nxg5 44. Nb4+ Kb7 45. Kb5 Ne6 46. c6+ Kc8 47. Na2 Kc7 48. Nc3 Nd4+ 49. Kc4 Kxc6 0-1


[Site "https://www.chess.com"]

[Event "Titled Tuesday Blitz March 28 Late 2023"]
[White "Bortnyk, Mykola"]
[Black "Jaracz, Pawel"]
[WhiteFideId "14120836"]
[BlackFideId "1102222"]
[WhiteElo "2582"]
[BlackElo "2438"]
[Result "1-0"]
[Round "03"]
[TimeControl "180+2"]
[Date "2023.03.28"]
[WhiteClock "0:00:14"]
[BlackClock "0:00:02"]

1. e4 e5 2. Nf3 Nc6 3. Bb5 a6 4. Ba4 Nf6 5. Qe2 d6 6. c3 Bd7 7. O-O Be7 8. d4 b5 9. Bb3 O-O 10. Rd1 Qc8 11. h3 h6 12. Nbd2 Re8 13. Nf1 Bf8 14. Ng3 Na5 15. Bc2 c5 16. dxe5 dxe5 17. Nh4 g6 18. Qf3 Re6 19. Nf1 Bc6 20. Ne3 Nh7 21. Nd5 Qb7 22. Qg3 Bg7 23. Be3 Nc4 24. Bxc5 Nxb2 25. Rd2 Nc4 26. Rd3 Ng5 27. Qg4 Rae8 28. Bb3 Bd7 29. Qe2 Kh7 30. Rad1 Bc8 31. Nf3 Qc6 32. Nxg5+ hxg5 33. Be3 f6 34. Bc1 a5 35. h4 gxh4 36. Rh3 g5 37. g3 Rd6 38. Rh1 a4 39. Bc2 Rg8 40. Qh5+ Bh6 41. Rxh4 Rg6 42. Ne7 Rxd1+ 43. Bxd1 Qe8 44. Nxg6 Qxg6 45. Qxg6+ Kxg6 46. Rh1 Bb7 47. f3 Bf8 48. Kf2 Bc5+ 49. Ke2 g4 50. Bc2 Nd6 51. Be3 Ba3 52. fxg4 Bxe4 53. Bxe4+ Nxe4 54. Kd3 Nd6 55. Rh6+ Kf7 56. g5 e4+ 57. Kc2 fxg5 58. Bxg5 Nf5 59. Rf6+ 1-0


[Site "https://www.chess.com"]

[Event "Titled Tuesday Blitz March 28 Late 2023"]
[White "Popov, Mikhail"]
[Black "Terry, Renato"]
[WhiteFideId "4146182"]
[BlackFideId "3803457"]
[WhiteElo "2270"]
[BlackElo "2579"]
[Result "0-1"]
[Round "03"]
[TimeControl "180+2"]
[Date "2023.03.28"]
[WhiteClock "0:00:07"]
[BlackClock "0:00:41"]

1. d4 e6 2. Nf3 Nf6 3. Bg5 h6 4. Bxf6 Qxf6 5. e4 b6 6. Nc3 Bb7 7. Qd2 g5 8. h3 Bg7 9. O-O-O Qe7 10. Kb1 d6 11. Bb5+ Nd7 12. e5 O-O-O 13. Qe2 Kb8 14. Rhe1 dxe5 15. dxe5 Bxf3 16. Rxd7 Rxd7 17. Qxf3 Rd2 18. Ba6 c5 19. Ne4 Rd5 20. Nf6 Bxf6 21. exf6 Qd7 22. a3 Rd8 23. Ka2 Qa4 24. Bd3 Qf4 25. Qh5 Qxf6 26. Re4 Rd4 27. Re3 c4 28. Rf3 Rf4 29. Bxc4 Rxf3 30. gxf3 Rd4 31. Bb3 Rh4 0-1


[Site "https://www.chess.com"]